[Event "45th FIDE Olympiad 2024"]
[Site "Budapest"]
[Date "2024.09.18"]
[Round "7.75"]
[White "Livaic, Leon"]
[Black "Bersamina, Paulo"]
[Result "1-0"]
[ECO "D85"]
[WhiteElo "2550"]
[BlackElo "2425"]
[Annotator "TA"]
[PlyCount "119"]
[EventDate "2024.09.05"]
[EventType "team-tourn"]
[EventCountry "HUN"]
[SourceTitle "playchess.com"]
[Source "ChessBase"]
[SourceQuality "1"]
[WhiteTeam "Croatia"]
[BlackTeam "Philippines"]
[WhiteTeamCountry "CRO"]
[BlackTeamCountry "PHI"]
[TimeControl "40/5400+30:1800+30"]

1. d4 Nf6 2. c4 g6 3. Nc3 d5 4. cxd5 Nxd5 5. e4 Nxc3 6. bxc3 Bg7 7. Be3 O-O 8. Qd2 c5 9. Rc1 Qa5 10. d5 Nd7 11. c4 (11. Nf3 $14) 11... Qxd2+ $15 12. Kxd2 f5 (12... b6 $15) 13. exf5 $14 Rxf5 14. Bd3 Rf8 15. Nf3 Re8 16. Ng5 {White is more active.} Ne5 17. Bxc5 Nxd3 18. Kxd3 Bf5+ 19. Ke2 (19. Ne4 $14) 19... Bb2 $1 $15 20. Rcd1 Rac8 21. Bd4 Ba3 {This pair of bishops is nice.} 22. Bxa7 Rxc4 23. Be3 Ra8 24. Rd4 Rc2+ 25. Rd2 Rxd2+ 26. Bxd2 Bb2 27. Bc1 Rxa2 28. Bxb2 Rxb2+ {[%mdl 4096] Endgame. KRB-KRN} 29. Ke3 Rb3+ 30. Kf4 Rb4+ 31. Ke3 $1 (31. Ke5 $2 h6 32. d6 exd6+ (32... hxg5 $2 33. dxe7 Kf7 34. Kd6 $19) 33. Kxd6 hxg5 $19) 31... b5 32. f3 {Repels Rg4} h6 33. Ne4 Rb2 34. Nd2 Ra2 35. g4 Bc2 36. Kd4 (36. Rc1 $11) 36... Ra3 $17 {Strongly threatening ...Rd3+.} 37. Kc5 Rd3 38. Ne4 Rxf3 39. Re1 Rf4 40. d6 $2 {[#]} exd6+ $1 $19 (40... Bxe4 $2 {loses.} 41. d7 (41. dxe7 $2 Kf7 $19) 41... Rf8 42. Rxe4 $18) 41. Nxd6 b4 {[%cal Ob4b3] Threatens to win with ...b3!} (41... Rxg4 42. Kxb5 Rg2 43. h3) 42. Re7 $2 (42. Re8+ Kg7 43. h3) 42... b3 {[%cal Ob3b2] Hoping for ...b2!} 43. Rb7 Rf2 $2 ({Black should play} 43... Rxg4 $19 {aiming for ...g5.} 44. Kd5 Rg2) 44. h4 $11 g5 45. hxg5 hxg5 46. Kd4 Kf8 47. Ke5 Rf3 48. Ke6 Bg6 49. Ke5 Kg8 50. Ke6 Kh8 51. Ke5 Kg8 52. Ke6 Kf8 53. Ke5 Bc2 54. Ke6 Rf4 55. Nf5 Kg8 ({Weaker is} 55... Rxg4 56. Rb8#) 56. Kf6 {Kg6 would now be deadly.} Ra4 $2 (56... Bxf5 $11 57. gxf5 g4) 57. Nh6+ {White mates.} Kh8 58. Nf7+ Kh7 59. Nxg5+ Kh6 {[#]} 60. Rh7+ $3 {[%mdl 512] White used his chance.   Weighted Error Value: White=0.22 (precise) /Black=0.33.  Loses game:     	---       	Black=1      Missed win:     	---       	Black=1      Mistake:       	White=5     	Black=1      Inaccurate:     	White=3     	Black=3      OK:         	White=21    	Black=16     Best:        	White=3     	Black=3      Strong:       	White=1     	Black=2} 1-0

[Event "45th FIDE Olympiad 2024"]
[Site "Budapest"]
[Date "2024.09.18"]
[Round "7.76"]
[White "Gomez, John Paul"]
[Black "Stevic, Hrvoje"]
[Result "0-1"]
[ECO "D12"]
[WhiteElo "2408"]
[BlackElo "2531"]
[Annotator "RC"]
[PlyCount "56"]
[EventDate "2024.09.05"]
[EventType "team-tourn"]
[EventCountry "HUN"]
[SourceTitle "playchess.com"]
[Source "ChessBase"]
[SourceQuality "1"]
[WhiteTeam "Philippines"]
[BlackTeam "Croatia"]
[WhiteTeamCountry "PHI"]
[BlackTeamCountry "CRO"]
[TimeControl "40/5400+30:1800+30"]

1. d4 d5 2. c4 c6 3. Nf3 Nf6 4. e3 Bf5 5. Nc3 e6 6. Nh4 Bg6 7. Be2 Nbd7 8. O-O Be7 9. g3 dxc4 10. Nxg6 hxg6 11. Bxc4 Qa5 12. e4 b5 13. Bd3 b4 14. Na4 Rd8 15. a3 c5 16. axb4 Qxb4 17. Nc3 cxd4 18. Nb5 Ne5 19. b3 Nxd3 20. Qxd3 Rh5 21. Nc7+ Kf8 22. Bf4 Qb7 23. e5 Nd7 24. Nxe6+ fxe6 25. Qxg6 Rxe5 26. Bxe5 Nxe5 27. Qh5 Nf3+ 28. Kh1 Nd2+ 0-1

[Event "45th FIDE Olympiad 2024"]
[Site "Budapest"]
[Date "2024.09.18"]
[Round "7.77"]
[White "Galaviz Medina, Sion Radamantys"]
[Black "Vocaturo, Daniele"]
[Result "1/2-1/2"]
[ECO "D28"]
[WhiteElo "2488"]
[BlackElo "2600"]
[Annotator "TA"]
[PlyCount "61"]
[EventDate "2024.09.05"]
[EventType "team-tourn"]
[EventCountry "HUN"]
[SourceTitle "playchess.com"]
[Source "ChessBase"]
[SourceQuality "1"]
[WhiteTeam "Mexico"]
[BlackTeam "Italy"]
[WhiteTeamCountry "MEX"]
[BlackTeamCountry "ITA"]
[TimeControl "40/5400+30:1800+30"]

1. d4 d5 2. c4 dxc4 3. e3 Nf6 4. Bxc4 e6 5. Nf3 c5 6. O-O Nc6 7. Qe2 a6 8. Rd1 b5 9. d5 bxc4 ({Reject} 9... Nxd5 $6 10. e4 bxc4 11. exd5 $16) (9... exd5 $11 10. Bxd5 Nxd5) 10. dxc6 $14 Qc7 11. Bd2 {White is slightly better.} Qxc6 12. Na3 ({Of course not} 12. Qxc4 Bb7 $11) 12... Be7 13. Nxc4 Bb7 14. Na5 {Excellent horsemanship.} (14. Qf1 $16) 14... Qc7 15. Rac1 O-O 16. b4 Rac8 {The position is equal.} 17. bxc5 (17. Nd4 {feels hotter.} Bd5 18. bxc5 Bxc5 19. Nab3) 17... Bxc5 18. Rxc5 Bxf3 19. Rxc7 Bxe2 20. Rxc8 Rxc8 21. Rc1 Rxc1+ 22. Bxc1 $11 {[%mdl 4096] Endgame. KBN-KBN} Nd5 23. Bd2 Bb5 24. e4 Ne7 25. f3 Nc6 26. Nxc6 Bxc6 27. Kf2 e5 28. Ke3 f6 29. Bb4 Kf7 30. a3 Bb5 31. g3 {Weighted Error Value: White=0.08 (flawless) /Black=0.09 (flawless) .  Mistake:       	White=1     	Black=1      OK:         	White=4     	Black=14     Best:        	White=2     	Black=1} 1/2-1/2

[Event "45th FIDE Olympiad 2024"]
[Site "Budapest"]
[Date "2024.09.18"]
[Round "7.77"]
[White "Gontcharov, Serguei"]
[Black "Senglek, Khonsavanh"]
[Result "1-0"]
[WhiteElo "1927"]
[BlackElo "1591"]
[PlyCount "33"]
[EventDate "2024.09.05"]
[EventType "team-tourn"]
[EventCountry "HUN"]
[WhiteTeam "Bermuda"]
[BlackTeam "Laos"]
[WhiteTeamCountry "BER"]
[BlackTeamCountry "LAO"]
[TimeControl "40/5400+30:1800+30"]

1. e4 Nc6 2. d4 e6 3. Nf3 g6 4. Nc3 d5 5. Be2 Nge7 6. O-O Bg7 7. e5 Nf5 8. Bg5 Qd7 9. Qd2 O-O 10. g4 Nfe7 11. Bf6 a6 12. Qg5 Re8 13. Bxg7 Kxg7 14. Qf6+ Kf8 15. Ng5 Nd8 16. Nxh7+ Kg8 17. Qh4 1-0

[Event "45th FIDE Olympiad 2024"]
[Site "Budapest"]
[Date "2024.09.18"]
[Round "7.78"]
[White "Lodici, Lorenzo"]
[Black "Cori Quispe, Kevin Joel"]
[Result "1-0"]
[ECO "B42"]
[WhiteElo "2556"]
[BlackElo "2461"]
[Annotator "TA"]
[PlyCount "77"]
[EventDate "2024.09.05"]
[EventType "team-tourn"]
[EventCountry "HUN"]
[SourceTitle "playchess.com"]
[Source "ChessBase"]
[SourceQuality "1"]
[WhiteTeam "Italy"]
[BlackTeam "Mexico"]
[WhiteTeamCountry "ITA"]
[BlackTeamCountry "MEX"]
[TimeControl "40/5400+30:1800+30"]

1. e4 c5 2. Nf3 e6 3. d4 cxd4 4. Nxd4 a6 5. Bd3 Bc5 6. Nb3 Be7 7. O-O d6 8. Qg4 g6 9. Qe2 Nc6 10. a4 Ne5 {White is slightly better.} 11. Nc3 Nf6 12. Bh6 Nfg4 13. Bd2 O-O 14. a5 Bd7 15. f4 Nxd3 16. cxd3 Nf6 17. Be3 Rc8 18. Bb6 Qe8 19. e5 dxe5 20. fxe5 Nd5 21. Nxd5 exd5 {Black is weak on the dark squares} 22. Qe3 Be6 23. Nd4 {Prevents Qb5.} Qd7 24. Rae1 Rfe8 25. Qh6 Bf8 26. Qf4 {White is much more active.} Bg7 27. Re3 Qe7 28. b4 Qd7 ({Black should play} 28... Rf8) 29. Bc5 $16 Rc7 {[#]} (29... Bf8 $16) 30. Nb3 (30. Bd6 $1 $18) 30... d4 31. Nxd4 (31. Bxd4 $2 Bxb3 32. Bc5 Bd5 $19) 31... Bd5 32. Ne2 Qe6 33. Qh4 (33. Qg3 $16) 33... Bxe5 $14 34. Nf4 (34. Nc3 $5 Rd7 35. Qf2 $16) 34... Qd7 35. Nh5 {[%cal Oe3e5] White wants to mate with Rxe5!} gxh5 (35... Rxc5 $2 36. Rxe5 (36. bxc5 Bh8 $18) 36... Rc6 37. Rxe8+ Qxe8 38. Re1 $18 (38. Nf6+ Rxf6 39. Qxf6 Qe3+ 40. Qf2 Qxd3 $18)) (35... Rc6 $14 36. Rfe1 gxh5 37. Rxe5 Rxe5 38. Rxe5 Rg6) 36. Qg5+ $40 {[%mdl 128] White attacks with force.} Bg7 {[#] aiming for ...Rxe3.} 37. Bd4 {[%csl Gd4][%cal Rg5g7] Chess con chili.} (37. Qxh5 $2 Rxe3 38. Bxe3 Qd6 $19 (38... Rc2 $2 39. Rf2 $19)) 37... f6 (37... f5 $2 38. Bxg7 (38. Rxf5 $2 Rc1+ 39. Rf1 Rxf1+ 40. Kxf1 Rxe3 $19) 38... Bf7 39. Rxe8+ (39. Rxf5 Rc1+ 40. Rf1 Rxf1+ 41. Kxf1 Rxe3 $16) 39... Bxe8 40. Be5+ Bg6 41. Bxc7 Qxc7 42. Rxf5 $18) 38. Bxf6 (38. Rxe8+ $16 {is forced if you want to stay better.} Qxe8 39. Qxd5+ Rf7 40. h3 (40. Bxf6 $2 {perishes.} Bxf6 41. Kh1 Qe5 $19) (40. Qxh5 Qd8 $16)) 38... Rxe3 $2 (38... Bc6 $17 39. Rg3 Re7 40. Qxh5 (40. Bxe7 Qxe7 41. Qxh5 Qxb4 $19) 40... Qd6 41. Bxe7 Qxe7 (41... Rxe7 42. Qf5 $17)) 39. Bxg7 {Weighted Error Value: White=0.18 (very precise) /Black=0.19 (very precise) .  Loses game:     	---       	Black=1      Mistake:       	White=3     	Black=3      Inaccurate:     	---       	Black=1      OK:         	White=16    	Black=12     Best:        	White=2     	Black=3} 1-0

[Event "45th FIDE Olympiad 2024"]
[Site "Budapest"]
[Date "2024.09.18"]
[Round "7.79"]
[White "Ibarra Chami, Luis Fernando"]
[Black "Moroni, Luca Jr"]
[Result "1/2-1/2"]
[ECO "B33"]
[WhiteElo "2427"]
[BlackElo "2558"]
[Annotator "TA"]
[PlyCount "93"]
[EventDate "2024.09.05"]
[EventType "team-tourn"]
[EventCountry "HUN"]
[SourceTitle "playchess.com"]
[Source "ChessBase"]
[SourceQuality "1"]
[WhiteTeam "Mexico"]
[BlackTeam "Italy"]
[WhiteTeamCountry "MEX"]
[BlackTeamCountry "ITA"]
[TimeControl "40/5400+30:1800+30"]

1. e4 c5 2. Nf3 Nc6 3. d4 cxd4 4. Nxd4 Nf6 5. Nc3 h5 6. h3 {B33: Sicilian: Pelikan and Sveshnikov Variations.} g6 7. Nxc6 bxc6 8. e5 Nh7 9. Bd3 $146 ({Predecessor:} 9. Bc4 Bg7 10. f4 d6 11. O-O O-O 12. Be3 a5 13. Rf2 Rb8 14. Bb3 Qc7 15. Qf1 {0-1 Abdumalik,Z (2496)-Nihal,S (2648) Fagernes op 2022 (6)}) 9... Bg7 10. Qe2 O-O 11. O-O d6 12. f4 dxe5 13. f5 gxf5 14. Bxf5 Bxf5 15. Rxf5 e6 16. Rxh5 f5 17. Bh6 Qf6 18. Bxg7 Qxg7 19. Qc4 Rf6 20. Qxc6 Rb8 21. Rd1 Nf8 22. Na4 Rg6 23. Kh1 e4 24. Qd6 (24. g4 $5) 24... Rb7 25. Rg1 $1 Rc7 (25... Rd7 $5 26. Qf4 $8 Qd4 $11) 26. Nc5 Rf7 27. c3 Qf6 28. Qf4 Rfg7 29. Qh4 Qxh4 30. Rxh4 Nd7 31. Nxd7 Rxd7 32. Rf4 $1 Kf7 33. Rf2 (33. Rgf1 $11) 33... Kf6 34. c4 Ke5 ({Black should play} 34... Rd4 $15 35. Rc2 Ke7) 35. c5 $11 Rg3 36. c6 Rc7 37. Rc2 Rd3 (37... Kd6 $11) 38. b4 a6 (38... Rd4 $14) 39. a4 Rb3 40. Rc5+ Kf4 41. b5 $1 axb5 42. axb5 Kg3 $2 (42... e3 $16 {was worth a try.}) 43. Rf1 (43. Rgc1 $142 Kf4 44. Kg1) 43... Rb2 $18 {[#]} 44. Rc3+ (44. Rfc1 $1 $16) 44... Kh4 $18 45. Rc5 Kg3 $1 {[#]} 46. Rc3+ $2 ({Better is} 46. Rfc1 $1 $18) 46... Kh4 $11 47. Rc5 1/2-1/2

[Event "45th FIDE Olympiad 2024"]
[Site "Budapest"]
[Date "2024.09.18"]
[Round "7.80"]
[White "Sonis, Francesco"]
[Black "Palma Villanueva, Miguel Tadeo"]
[Result "1-0"]
[ECO "D73"]
[WhiteElo "2554"]
[BlackElo "2266"]
[Annotator "RC"]
[PlyCount "57"]
[EventDate "2024.09.05"]
[EventType "team-tourn"]
[EventCountry "HUN"]
[SourceTitle "playchess.com"]
[Source "ChessBase"]
[SourceQuality "1"]
[WhiteTeam "Italy"]
[BlackTeam "Mexico"]
[WhiteTeamCountry "ITA"]
[BlackTeamCountry "MEX"]
[TimeControl "40/5400+30:1800+30"]

1. d4 g6 2. c4 Bg7 3. Nf3 Nf6 4. g3 c6 5. Bg2 d5 6. b3 O-O 7. Bb2 dxc4 8. bxc4 Ne4 9. O-O Qb6 10. Qc1 c5 11. e3 cxd4 12. Bxd4 Bxd4 13. exd4 Nc6 14. Re1 f5 15. c5 Qd8 16. Qc4+ e6 17. Nc3 Nxc3 18. Qxc3 Ne7 19. Ne5 Nd5 20. Qb3 Kh8 21. f4 Ne7 22. Rad1 Rb8 23. Qa3 a6 24. Nc4 Bd7 25. d5 exd5 26. Bxd5 Nxd5 27. Rxd5 Rf7 28. Ne5 Qe8 29. Qc3 1-0

[Event "45th FIDE Olympiad 2024"]
[Site "Budapest"]
[Date "2024.09.18"]
[Round "7.81"]
[White "Bjerre, Jonas Buhl"]
[Black "Kantor, Gergely"]
[Result "1-0"]
[ECO "A28"]
[WhiteElo "2648"]
[BlackElo "2537"]
[Annotator "TA"]
[PlyCount "149"]
[EventDate "2024.09.05"]
[EventType "team-tourn"]
[EventCountry "HUN"]
[SourceTitle "playchess.com"]
[Source "ChessBase"]
[SourceQuality "1"]
[WhiteTeam "Denmark"]
[BlackTeam "Hungary C"]
[WhiteTeamCountry "DEN"]
[TimeControl "40/5400+30:1800+30"]

1. c4 Nf6 2. Nc3 e5 3. Nf3 Nc6 4. d3 d5 5. cxd5 Nxd5 6. g3 Be7 7. Nxd5 Qxd5 8. Bg2 O-O 9. O-O Qe6 10. Qc2 {The position is equal.} Qg6 11. Be3 Bg4 12. a3 a5 13. Rac1 a4 14. Qd2 Qh5 15. Bc5 {Threatens to win with Bxe7.} Bd6 16. Qe3 Ra6 17. Rfe1 h6 18. Nd2 Rd8 19. Bf3 (19. Bd5 {feels hotter.} Qh3 20. Rc3 Be6 21. Bg2) 19... Bxf3 20. Nxf3 Qf5 21. Rc2 Ne7 22. Rec1 (22. Nxe5 $2 Nd5 23. Qe4 Qxe5 $19) 22... Nd5 23. Qe4 Qxe4 24. dxe4 Nf6 25. Bxd6 cxd6 26. Rd1 Ra5 (26... Nxe4 27. Nxe5 Ng5 28. Rdd2 $16) 27. Rc4 Rb5 28. Rd2 Ra8 29. Ne1 d5 (29... Rc5 $11 30. Rxc5 dxc5) 30. exd5 $16 Nxd5 31. Nd3 Nb6 32. Rc7 Rd8 {...e4 would now be deadly.} 33. f3 (33. Rxb7 $2 e4 34. Rc2 exd3 $19) 33... Rd7 34. Rdc2 Rbd5 35. Kf2 f6 36. Rxd7 Nxd7 $14 {[%mdl 4096] Endgame. KRN-KRN} 37. Rc7 b6 38. Ra7 Rd4 39. Rc7 ({Better is} 39. Ke3 $16) 39... Kf8 (39... Rd5 $1 $11 {remains equal.}) 40. Ke3 Rd6 41. Ra7 b5 42. Rb7 Nb6 43. Kf2 $1 h5 44. h4 Kg8 45. g4 hxg4 46. fxg4 Kh7 47. Kg3 Nc4 (47... Kg6 $14) 48. Rxb5 $18 e4 49. Nf4 Rb6 50. Rh5+ (50. Rxb6 $18 Nxb6 51. Ng2) 50... Kg8 $16 51. Rc5 Rb3+ 52. Kf2 Nxb2 (52... Ne5 $16 {might work better.}) 53. g5 (53. Rc8+ $18 Kh7 54. g5 fxg5 55. hxg5 Nd1+ 56. Ke1) 53... fxg5 54. hxg5 {Strongly threatening g6.} Rc3 55. Ra5 (55. Rxc3 Nd1+ 56. Kg3 Nxc3 $11) (55. Rd5 $142 $1) 55... Rc6 $2 {[#]} (55... Nd1+ $16 {was worth a try.} 56. Ke1 Ne3) 56. Ra8+ $1 $18 Kf7 57. Ra7+ Kf8 58. Ke3 Nc4+ 59. Kxe4 Nxa3 60. Kd5 $1 (60. Rxa4 Rc4+ 61. Rxc4 Nxc4 $14) 60... Rc8 61. Ng6+ $2 (61. Rxa4 $18 {and White stays clearly on top.} Nb5 62. Rb4 Nc7+ 63. Ke5) 61... Ke8 $16 62. Rxg7 {White has more active pieces.} ({White should try} 62. Rxa4 $16 Nb5 63. Re4+ Kf7 64. Ne5+ Kg8 65. Ke6) 62... Nc4 $2 (62... Nb5 $11) 63. Ne7 $18 ({Not} 63. Rg8+ Kf7 64. Rxc8 Nb6+ 65. Kd4 Nxc8 $11) 63... Kf8 {[#]} 64. Rh7 $1 {White mates.} ({Stronger than} 64. Nxc8 Ne3+ 65. Kc5 (65. Ke4 Kxg7 66. Kd3 Nf5 $11) 65... Kxg7 $11) (64. Rg8+ Kxe7 65. Rxc8 Nb6+ 66. Kc5 Nxc8 $11) 64... Ne3+ 65. Ke6 Rc4 66. Rh8+ Kg7 67. Rg8+ Kh7 68. g6+ Kh6 69. Rh8+ Kg5 70. g7 Re4+ 71. Kd7 Rxe7+ 72. Kxe7 Nf5+ 73. Kf8 Nxg7 74. Kxg7 a3 75. Ra8 {Weighted Error Value: White=0.14 (very precise) /Black=0.16 (very precise) .  Loses game:     	---       	Black=2      Missed win:     	White=1     	---        Mistake:       	White=5     	Black=5      Inaccurate:     	White=6     	Black=5      OK:         	White=17    	Black=18     Best:        	White=8     	Black=5      Strong:       	White=3     	---} 1-0

[Event "45th FIDE Olympiad 2024"]
[Site "Budapest"]
[Date "2024.09.18"]
[Round "7.81"]
[White "Tchouka, Yakini"]
[Black "Kim, Sanker"]
[Result "1-0"]
[WhiteElo "1932"]
[BlackElo "1564"]
[PlyCount "63"]
[EventDate "2024.09.05"]
[EventType "team-tourn"]
[EventCountry "HUN"]
[WhiteTeam "Togo"]
[BlackTeam "Cambodia"]
[WhiteTeamCountry "TOG"]
[BlackTeamCountry "CMB"]
[TimeControl "40/5400+30:1800+30"]

1. e4 Nc6 2. d4 e5 3. d5 Nce7 4. g3 Ng6 5. Bg2 Bc5 6. Nc3 d6 7. Na4 Bb6 8. Ne2 Nf6 9. h4 h5 10. Bg5 Nf8 11. f3 N8h7 12. Nxb6 axb6 13. Qd2 Nxg5 14. hxg5 Nd7 15. f4 f6 16. g6 f5 17. exf5 Nf6 18. fxe5 dxe5 19. Qg5 Ng4 20. Qxg4 hxg4 21. Rxh8+ Ke7 22. f6+ gxf6 23. Rxd8 Kxd8 24. g7 Be6 25. dxe6 Ke7 26. O-O-O c6 27. Be4 Rg8 28. Rd7+ Kxe6 29. Bh7 Rb8 30. Rd1 Kf7 31. Rd7+ Ke6 32. Rxb7 1-0

[Event "45th FIDE Olympiad 2024"]
[Site "Budapest"]
[Date "2024.09.18"]
[Round "7.82"]
[White "Krstulovic, Alex"]
[Black "Andersen, Mads"]
[Result "0-1"]
[ECO "D35"]
[WhiteElo "2452"]
[BlackElo "2598"]
[Annotator "RC"]
[PlyCount "74"]
[EventDate "2024.09.05"]
[EventType "team-tourn"]
[EventCountry "HUN"]
[SourceTitle "playchess.com"]
[Source "ChessBase"]
[SourceQuality "1"]
[WhiteTeam "Hungary C"]
[BlackTeam "Denmark"]
[BlackTeamCountry "DEN"]
[TimeControl "40/5400+30:1800+30"]

1. d4 Nf6 2. c4 e6 3. Nc3 d5 4. cxd5 exd5 5. Bg5 Be7 6. e3 h6 7. Bh4 O-O 8. Bd3 c6 9. Nge2 Re8 10. O-O Nbd7 11. a4 Nh5 12. Bxe7 Qxe7 13. a5 Ndf6 14. Nc1 g6 15. Re1 Ng7 16. Qd2 Bf5 17. f3 Rad8 18. Nb3 Bxd3 19. Qxd3 h5 20. e4 Qb4 21. Qc2 h4 22. Rad1 Ne6 23. Na2 Qa4 24. e5 Nh5 25. Rd2 Nhg7 26. Nc3 Qb4 27. Nd1 Nf5 28. Qc3 Qb5 29. Nf2 b6 30. Ng4 Kg7 31. Nf6 Rh8 32. Qd3 Qxd3 33. Rxd3 c5 34. dxc5 bxc5 35. Rxd5 Rxd5 36. Nxd5 Rb8 37. Nd2 Rd8 0-1

[Event "45th FIDE Olympiad 2024"]
[Site "Budapest"]
[Date "2024.09.18"]
[Round "7.83"]
[White "Thybo, Jesper Sondergaard"]
[Black "Juhasz, Agoston"]
[Result "1-0"]
[ECO "E04"]
[WhiteElo "2555"]
[BlackElo "2427"]
[Annotator "TA"]
[PlyCount "65"]
[EventDate "2024.09.05"]
[EventType "team-tourn"]
[EventCountry "HUN"]
[SourceTitle "playchess.com"]
[Source "ChessBase"]
[SourceQuality "1"]
[WhiteTeam "Denmark"]
[BlackTeam "Hungary C"]
[WhiteTeamCountry "DEN"]
[TimeControl "40/5400+30:1800+30"]

1. d4 Nf6 2. c4 e6 3. Nf3 d5 4. g3 dxc4 5. Bg2 Bd7 6. Ne5 Bc6 7. Nxc6 Nxc6 8. e3 Qd7 9. O-O Rd8 10. Nd2 e5 {The position is equal.} 11. Nxc4 exd4 12. Qb3 Rb8 (12... b6 $14) 13. Bxc6 $16 Qxc6 14. exd4 {[#] Hoping for Re1+.} Be7 15. Re1 $36 {[%mdl 2048] Bd2 would now be deadly. White is really pushing.} Nd5 (15... Qd7 $16) 16. Ne3 Rd8 (16... Nxe3 $16 17. Qxe3 (17. Rxe3 Qd7 $16) 17... Qd7) 17. Bd2 $18 Nxe3 18. Rxe3 (18. Qxe3 $6 Qe6 $18) 18... Kf8 19. Rc1 Qb6 20. Qxb6 cxb6 21. Rc7 Bf6 22. Bb4+ Kg8 23. Be7 ({Don't play} 23. Rxb7 h5 24. Bc3 (24. Rxa7 Bxd4 25. Re2 Bf6 $16) (24. Be7 Rxd4 25. Bxf6 gxf6 $18) 24... h4 25. Rxa7 Rh5 $18) 23... Bxe7 24. Rexe7 {[%mdl 4096] Endgame. KRR-KRR} ({But not} 24. Rcxe7 $6 h5 25. Rxb7 Rxd4 $18) 24... Rf8 25. Rxb7 g5 26. Rxa7 h5 27. Re5 Rh6 28. Rxg5+ {White is clearly winning.} Kh7 29. h4 Rc6 30. Rxh5+ Kg6 31. Rg5+ Kf6 32. Rg4 Rc2 33. b4 {Black did not feel at home in the position after the opening.   Weighted Error Value: White=0.09 (flawless) /Black=0.35.  Loses game:     	---       	Black=1      Mistake:       	---       	Black=2      Inaccurate:     	White=1     	Black=1      OK:         	White=12    	Black=4      Best:        	White=4     	Black=5} 1-0

[Event "45th FIDE Olympiad 2024"]
[Site "Budapest"]
[Date "2024.09.18"]
[Round "7.84"]
[White "Vanczak, Tamas"]
[Black "Olsen, Filip Boe"]
[Result "1/2-1/2"]
[ECO "B12"]
[WhiteElo "2401"]
[BlackElo "2441"]
[Annotator "ChessBase"]
[PlyCount "117"]
[EventDate "2024.09.05"]
[EventType "team-tourn"]
[EventCountry "HUN"]
[SourceTitle "playchess.com"]
[Source "ChessBase"]
[SourceQuality "1"]
[WhiteTeam "Hungary C"]
[BlackTeam "Denmark"]
[BlackTeamCountry "DEN"]
[TimeControl "40/5400+30:1800+30"]

1. e4 c6 2. d4 d5 3. e5 Bf5 4. h4 h5 5. Bd3 Qd7 6. Nc3 Bxd3 7. Qxd3 e6 8. Nf3 c5 9. dxc5 Bxc5 10. Be3 Be7 11. Rd1 Nh6 12. Bxh6 Rxh6 13. Ne2 Qc7 14. O-O Nd7 15. Ned4 a6 16. Rfe1 Rc8 17. Qe3 Rh8 18. c4 dxc4 19. Nf5 exf5 20. e6 fxe6 21. Qxe6 Nf8 22. Qxf5 Rh6 23. Rd4 Rf6 24. Qxh5+ g6 25. Qh8 Qb6 26. Rde4 Rc7 27. h5 Rf7 28. hxg6 Rxf3 29. gxf3 Qxg6+ 30. Kf1 Qf7 31. Qe5 Qxf3 32. Kg1 Kd8 33. Qg7 Qf6 34. Qxf6 Bxf6 35. Re8+ Kd7 36. Rxf8 Bxb2 37. Rf7+ Kd6 38. Rxc7 Kxc7 39. Re2 Bh8 40. f4 b5 41. Kf2 Kd6 42. Ke3 b4 43. Rh2 Bf6 44. Rh6 Ke6 45. Ke4 b3 46. axb3 cxb3 47. f5+ Kf7 48. Rh3 b2 49. Rb3 Bc3 50. Rb7+ Kf6 51. Rb6+ Kf7 52. Kd3 Be5 53. Kc2 a5 54. Kb1 Bd4 55. Rd6 Be5 56. Re6 Bd4 57. Re4 Bc3 58. Re3 Bd4 59. Ra3 1/2-1/2

[Event "45th FIDE Olympiad 2024"]
[Site "Budapest"]
[Date "2024.09.18"]
[Round "7.85"]
[White "Keinanen, Toivo"]
[Black "Peralta, Fernando"]
[Result "1/2-1/2"]
[ECO "E09"]
[WhiteElo "2554"]
[BlackElo "2558"]
[Annotator "RC"]
[PlyCount "86"]
[EventDate "2024.09.05"]
[EventType "team-tourn"]
[EventCountry "HUN"]
[SourceTitle "playchess.com"]
[Source "ChessBase"]
[SourceQuality "1"]
[WhiteTeam "Finland"]
[BlackTeam "Argentina"]
[WhiteTeamCountry "FIN"]
[BlackTeamCountry "ARG"]
[TimeControl "40/5400+30:1800+30"]

1. Nf3 d5 2. d4 Nf6 3. c4 e6 4. g3 Be7 5. Bg2 O-O 6. Qc2 c6 7. O-O b6 8. b3 Nbd7 9. Nbd2 Bb7 10. Bb2 c5 11. cxd5 Bxd5 12. Rac1 Rc8 13. Qb1 cxd4 14. Nxd4 Rxc1 15. Rxc1 Bxg2 16. Kxg2 Qa8+ 17. N2f3 Bc5 18. b4 Bxd4 19. Bxd4 Rc8 20. a4 h6 21. b5 Nd5 22. Rc2 Ne7 23. Qc1 f6 24. e4 e5 25. Be3 Kf8 26. Rc4 Ke8 27. Nd2 Rxc4 28. Qxc4 Qc8 29. Qa2 Qc3 30. Nc4 Qd3 31. f3 f5 32. exf5 Nxf5 33. Bf2 e4 34. fxe4 Qxe4+ 35. Kg1 Qd3 36. Ne5 Nxe5 37. Qe6+ Ne7 38. Qxe5 Qd1+ 39. Kg2 Qxa4 40. Qxg7 Qe4+ 41. Kg1 Qb1+ 42. Kg2 Qe4+ 43. Kg1 Qb1+ 1/2-1/2